 Dungeon Crawl Stone Soup version 0.30-a0-169-g06f667207d (webtiles) character file.

Game seed: 2261419436172753264

6405 qw the Cleaver (level 10, -6/63 HPs)
             Began as a Gargoyle Fighter on Sept 30, 2022.
             Was an Elder of Okawaru.
             Mangled by a black mamba (11 damage)
             ... on level 2 of the Lair of Beasts.
             The game lasted 00:03:36 (10029 turns).

qw the Cleaver (Gargoyle Fighter)                  Turns: 10029, Time: 00:03:36

Health: -6/63      AC: 28    Str: 25    XL:     10   Next: 98%
Magic:  12/14      EV:  8    Int:  8    God:    Okawaru [****..]
Gold:   389        SH: 12    Dex:  9    Spells: 9/9 levels left

rFire   . . .      SeeInvis .    l - +0 morningstar
rCold   + + .      Faith    .    p - +0 kite shield
rNeg    + . .      Spirit   .    c - +0 plate armour
rPois   inf        Reflect  .    m - +2 helmet
rElec   +          Harm     .    q - +0 cloak
rCorr   .          Rampage  .    (no gloves)
Will    .....                    n - +0 pair of boots
Stlth   ..........               (no amulet)
HPRegen 0.20/turn                i - ring of protection from cold
MPRegen 0.14/turn                j - ring of protection from cold

@: about to teleport, heroic
A: sickness immunity, AC +7, negative energy resistance 1, electricity
resistance, torment resistance 1, petrification resistance
a: Renounce Religion, Heroism, Finesse


You were on level 2 of the Lair of Beasts.
You worshipped Okawaru.
Okawaru was greatly pleased with you.
You visited 3 branches of the dungeon, and saw 11 of its levels.
You also visited: Sewer.

You collected 592 gold pieces.
You spent 203 gold pieces at shops.


Innate Abilities, Weirdness & Mutations

You are immune to sickness and miasma.
Your stone body is resilient. (AC +7)
You are immune to poison.
You resist negative energy. (rN+)
You are resistant to electric shocks. (rElec)
You are resistant to unholy torment.
You are immune to petrification.


   Skills:
 - Level 7.2(12.2) Fighting
 + Level 9.7(14.7) Axes
 - Level 3.0(8.0) Throwing
 - Level 6.0(11.0) Armour
 - Level 1.3(6.3) Dodging
 - Level 9.1(14.1) Shields
 + Level 5.4 Invocations


You had 9 spell levels left.
You didn't know any spells.
Your spell library was empty.

Inventory:

Hand Weapons
 l - a +0 morningstar (weapon)
 r - a +0 broad axe
Armour
 c - a +0 plate armour (worn)
 m - a +2 helmet (worn)
 n - a +0 pair of boots (worn)
 p - a +0 kite shield (worn)
 q - a +0 cloak (worn)
Jewellery
 i - a ring of protection from cold (left hand)
 j - a ring of protection from cold (right hand)
Scrolls
 f - 7 scrolls of identify
 s - a scroll of teleportation
Potions
 a - 2 potions of resistance
 b - 3 potions of curing
 d - 2 potions of might
 g - a potion of attraction
 k - a potion of mutation
 o - a potion of cancellation

Dungeon Overview and Level Annotations

Branches:
Dungeon (8/15)             Temple (1/1) D:5            Lair (2/5) D:8
  Sewer (visited)
  Swamp: Lair:2-3    Shoals: Lair:2-3     Snake: Lair:2-3    Spider: Lair:2-3

Altars:
Ashenzari
Cheibriados
Elyvilon
Fedhas
Gozag
Hepliaklqana
Kikubaaqudgha
Makhleb
Nemelex Xobeh
Okawaru
Qazlal
Ru
Sif Muna
Trog
Uskayaw
Vehumet
Wu Jian
Xom
Yredelemnul
Zin
The Shining One

Shops:
D:1 (   D:3 ?   D:4 =   D:7 (

Annotations:
D:5 1 runed translucent door, qw's ghost, novice GrFi


Message History

10019 ||| Stepping ~*~*~tactically~*~*~ (outnumbered).
The black mamba attacks as you move away!
The black mamba bites you but does no damage.
You block the hell rat's attack.
10020 ||| Stepping ~*~*~tactically~*~*~ (outnumbered).
The hell rat closely misses you.
The hell rat bites you but does no damage.
10021 ||| Stepping ~*~*~tactically~*~*~ (outnumbered).
10022 ||| Stepping ~*~*~tactically~*~*~ (outnumbered).
10023 ||| SWAPPING to +0 broad axe.
r - a +0 broad axe (weapon)
You feel like a meek peon again. You block the komodo dragon's attack.
10024 ||| INVOKING Heroism.
You gain the combat prowess of a mighty hero.
You block the black mamba's attack. The komodo dragon closely misses you.
10025 ||| SWAPPING to +0 morningstar.
l - a +0 morningstar (weapon)
You block the black mamba's attack.
You miss the black mamba.
The black mamba is severely wounded.
The black mamba bites you but does no damage.
The komodo dragon bites you!
The black mamba bites you but does no damage.
10027 ||| READING 2 scrolls of teleportation.
As you read the scroll of teleportation, it crumbles to dust.
You feel strangely unstable. You block the black mamba's attack.
The komodo dragon bites you but does no damage.
An eight-headed hydra comes into view.
10028 ||| Stepping ~*~*~tactically~*~*~ (outnumbered).
The komodo dragon attacks as you move away!
The komodo dragon completely misses you.
The eight-headed hydra roars!
You hear a deafening roar! x2
The black mamba bites you but does no damage.
10029 ||| Stepping ~*~*~tactically~*~*~ (outnumbered).
The komodo dragon attacks as you move away!
You block the komodo dragon's attack. The black mamba bites you!
You die...

....... #.7.7.........
........###.7.7......#..
...P...#..#.7.7.........
...#...#....7.7.........
...P...#..............#.
..........D.....(.......
...#....r.#...........P.
.......Sl.#.............
......P@.......P.$......
..#.^.#.........###.##..
#.#................##..
... ...D.......#.......
.. ....................
.P ...7.7.7.............
# ......................
.....7.7.7.........#...
................#...


You could see an eight-headed hydra, a four-headed hydra, a komodo dragon, a
black mamba and a hell rat.

Vanquished Creatures
  Joseph (D:7)
  A black mamba (Lair:1)
  A cane toad (Lair:1)
  A komodo dragon (Lair:1)
  A rime drake (Lair:1)
  A hornet (D:8)
  4 yaks (Lair:1)
  2 steam dragons
  3 wargs (D:8)
  2 water moccasins
  3 ice beasts
  A black bear (D:6)
  A centaur (D:5)
  A phantom (D:7)
  7 bullfrogs
  A kobold brigand (D:7)
  3 necrophages
  4 scorpions
  A gnoll sergeant (D:8)
  13 wights (D:8)
  6 killer bees (D:8)
  2 jellies
  3 orc priests
  3 hounds
  9 orc wizards
  3 iguanas (D:6)
  Robin (D:2)
  8 gnolls
  13 adders
  6 river rats (Sewer)
  2 white imps
  An ufetubus (D:6)
  2 worms
  2 dart slugs
  26 orcs
  8 ball pythons
  6 endoplasms
  4 giant cockroaches
  19 goblins
  12 hobgoblins
  3 jackals
  10 kobolds
  5 quokkas
  17 bats
  4 frilled lizards (Sewer)
  4 rats
231 creatures vanquished.

Vanquished Creatures (others)
  8 fungi (D:8)
  4 plants
  2 withered plants (D:5)
14 creatures vanquished.

Grand Total: 245 creatures vanquished

Notes
Turn   | Place    | Note
-------+----------+-------------------------------------------
     0 | D:1      | qw the Gargoyle Fighter began the quest for the Orb.
     0 | D:1      | Reached XP level 1. HP: 14/14 MP: 1/1
     0 | D:1      | 0 ||| qw: Version: 0.2-a-12-gaebbb33
     0 | D:1      | 0 ||| qw: Game counter: 1375
     0 | D:1      | 0 ||| qw: Always use a shield: true
     0 | D:1      | 0 ||| qw: God list: Okawaru
     0 | D:1      | 0 ||| qw: Allow faded altars: false
     0 | D:1      | 0 ||| qw: Do Orc after D:15 true
     0 | D:1      | 0 ||| qw: Do second Lair branch before Depths: true
     0 | D:1      | 0 ||| qw: Lair rune preference: random
     0 | D:1      | 0 ||| qw: Plans: Normal, Zot:1-4, God:TSO, Crypt, Tomb,
                  | Pan, Slime:5, Hells, Abyss, Orb
     0 | D:1      | 0 ||| PLANNING D:1-11
   281 | D:1      | 281 ||| Stepping ~*~*~tactically~*~*~ (stealth).
   323 | D:1      | Reached XP level 2. HP: 15/19 MP: 2/2
   493 | D:1      | 493 ||| Stepping ~*~*~tactically~*~*~ (stealth).
   546 | D:1      | Found Ychiw's Weapon Shoppe.
   554 | D:1      | 554 ||| Stepping ~*~*~tactically~*~*~ (stealth).
   560 | D:1      | 560 ||| BUYING +0 mace (33 gold).
   560 | D:1      | Bought a +0 mace for 33 gold pieces
   560 | D:1      | 560 ||| DROPPING +0 club.
   808 | D:1      | Reached skill level 3 in Axes
  1197 | D:1      | 1197 ||| UPGRADING to +0 pair of boots.
  1202 | D:1      | 1202 ||| UPGRADING to ring of protection from cold.
  1203 | D:1      | 1203 ||| READING scroll labelled COZOVOUDIA.
  1204 | D:1      | 1204 ||| READING scroll labelled GIAGUB MELAO.
  1251 | D:1      | 1251 ||| READING scroll labelled AHAULU RODGH.
  1313 | D:2      | Reached XP level 3. HP: 23/23 MP: 3/3
  1313 | D:2      | 1313 ||| Stepping ~*~*~tactically~*~*~ (hiding).
  1319 | D:2      | Noticed Robin
  1323 | D:2      | Reached skill level 1 in Throwing
  1337 | D:2      | Killed Robin
  1352 | D:2      | 1352 ||| Stepping ~*~*~tactically~*~*~ (stealth).
  1421 | D:2      | Reached XP level 4. HP: 28/28 MP: 4/4
  1425 | D:2      | 1425 ||| Stepping ~*~*~tactically~*~*~ (stealth).
  1426 | D:2      | 1426 ||| Stepping ~*~*~tactically~*~*~ (stealth).
  1441 | D:2      | 1441 ||| Stepping ~*~*~tactically~*~*~ (stealth).
  1480 | D:2      | Found a faded altar of an unknown god.
  1784 | D:2      | Found a basalt altar of Yredelemnul.
  1974 | D:2      | 1974 ||| UPGRADING to +0 helmet.
  1979 | D:2      | 1979 ||| READING scroll labelled JUCVEXK CIGIMO.
  1980 | D:2      | 1980 ||| READING scroll labelled GUPUOCHUFYK.
  1984 | D:2      | 1984 ||| READING scroll labelled OLEIPP PUEFROA.
  1985 | D:2      | 1985 ||| DRINKING 2 grey potions.
  1986 | D:2      | 1986 ||| DRINKING 2 fizzy emerald potions.
  2091 | D:2      | 2091 ||| DROPPING potion of berserk rage.
  2238 | D:3      | 2238 ||| DROPPING +0 mace.
  2249 | D:3      | Found a white marble altar of Elyvilon.
  2287 | D:3      | Found a glowing golden altar of the Shining One.
  2371 | D:3      | Reached XP level 5. HP: 32/32 MP: 5/5
  2393 | D:3      | 2393 ||| Stepping ~*~*~tactically~*~*~ (stealth).
  2394 | D:3      | 2394 ||| Stepping ~*~*~tactically~*~*~ (stealth).
  2503 | D:3      | Found a stormy altar of Qazlal.
  2672 | D:3      | Found Eru Goamm's Magic Scroll Shop.
  2680 | D:3      | 2680 ||| BUYING scroll of enchant armour (90 gold).
  2680 | D:3      | Bought a scroll of enchant armour for 90 gold pieces
  2680 | D:3      | 2680 ||| SHOPLISTING scroll of enchant weapon (90 gold,
                  | have 40).
  2680 | D:3      | 2680 ||| BUYING scroll of identify (24 gold).
  2680 | D:3      | Bought a scroll of identify for 24 gold pieces
  2680 | D:3      | 2680 ||| SHOPLISTING scroll of teleportation (36 gold, have
                  | 16).
  2680 | D:3      | 2680 ||| READING scroll of enchant armour.
  2680 | D:3      | 2680 ||| ENCHANTING +0 helmet.
  2688 | D:3      | 2688 ||| UPGRADING to ring of protection from cold.
  2689 | D:3      | 2689 ||| READING scroll labelled WERECA PAIMAI.
  2690 | D:3      | 2690 ||| READING scroll labelled YZASTA KAODGHEG.
  2691 | D:3      | 2691 ||| READING 4 scrolls of identify.
  2691 | D:3      | 2691 ||| IDENTIFYING sedimented coppery potion
  2692 | D:3      | 2692 ||| READING 3 scrolls of identify.
  2692 | D:3      | 2692 ||| IDENTIFYING fizzy inky potion
  2720 | D:4      | 2720 ||| STAIRDANCE
  2819 | D:4      | 2819 ||| Stepping ~*~*~tactically~*~*~ (stealth).
  2820 | D:4      | 2820 ||| Stepping ~*~*~tactically~*~*~ (stealth).
  2982 | D:4      | Found Moco's Jewellery Boutique.
  2987 | D:4      | 2987 ||| SHOPLISTING +4 ring of slaying (780 gold, have
                  | 40).
  2987 | D:4      | 2987 ||| SHOPLISTING +6 ring of strength (360 gold, have
                  | 40).
  2987 | D:4      | 2987 ||| SHOPLISTING amulet "Sebefor" {Reflect rElec Regen+
                  | SH+5 SInv} (482 gold, have 40).
  2987 | D:4      | 2987 ||| SHOPLISTING amulet of reflection (300 gold, have
                  | 40).
  2987 | D:4      | 2987 ||| SHOPLISTING ring of positive energy (200 gold,
                  | have 40).
  2987 | D:4      | 2987 ||| SHOPLISTING ring of protection from fire (250
                  | gold, have 40).
  2987 | D:4      | 2987 ||| SHOPLISTING ring of willpower (250 gold, have 40).
  3152 | D:4      | 3152 ||| Stepping ~*~*~tactically~*~*~ (hiding).
  3346 | D:4      | Reached XP level 6. HP: 35/38 MP: 6/6
  3438 | D:4      | 3438 ||| Stepping ~*~*~tactically~*~*~ (hiding).
  3703 | D:4      | 3703 ||| UPGRADING to +2 helmet.
  3713 | D:4      | 3713 ||| DROPPING +1 helmet.
  3714 | D:4      | 3714 ||| UPGRADING to +0 chain mail.
  3724 | D:4      | 3724 ||| DROPPING +0 scale mail.
  3725 | D:4      | 3725 ||| READING scroll labelled TYOTUNIQEA.
  3726 | D:4      | 3726 ||| READING 3 scrolls of identify.
  3726 | D:4      | 3726 ||| IDENTIFYING brown potion
  3727 | D:4      | 3727 ||| DROPPING potion of invisibility.
  3774 | D:5      | Entered Level 5 of the Dungeon
  3774 | D:5      | Found a sparkling altar of Nemelex Xobeh.
  3802 | D:5      | 3802 ||| Stepping ~*~*~tactically~*~*~ (stealth).
  3803 | D:5      | 3803 ||| Stepping ~*~*~tactically~*~*~ (stealth).
  3893 | D:5      | Found a runed translucent door.
  3896 | D:5      | Noticed a yak
  3896 | D:5      | Noticed qw's ghost (novice GrFi)
  3907 | D:5      | 3907 ||| Stepping ~*~*~tactically~*~*~ (stealth).
  3939 | D:5      | Found an ancient bone altar of Kikubaaqudgha.
  3997 | D:5      | 3997 ||| FLEEEEING.
  3998 | D:5      | 3998 ||| FLEEEEING.
  3999 | D:5      | 3999 ||| FLEEEEING.
  4000 | D:5      | 4000 ||| FLEEEEING.
  4133 | D:5      | Reached XP level 7. HP: 32/43 MP: 7/7
  4223 | D:5      | Found a staircase to the Ecumenical Temple.
  4240 | D:5      | 4240 ||| PLANNING TEMPLE
  4243 | D:5      | Reached skill level 6 in Axes
  4305 | D:5      | 4305 ||| READING 3 scrolls of identify.
  4305 | D:5      | 4305 ||| IDENTIFYING white potion
  4311 | Temple   | Entered the Ecumenical Temple
  4311 | Temple   | Found a transporter.
  4311 | Temple   | Found a transporter.
  4313 | Temple   | Found a transporter.
  4313 | Temple   | Found a transporter.
  4323 | Temple   | 4323 ||| PLANNING D:1-11
  4384 | Temple   | 4384 ||| PLANNING OKAWARU WORSHIP
  4387 | Temple   | Became a worshipper of Warmaster Okawaru
  4388 | Temple   | 4388 ||| PLANNING D:1-11
  4545 | D:5      | Reached skill level 1 in Dodging
  4586 | D:5      | Found a snail-covered altar of Cheibriados.
  4624 | D:5      | 4624 ||| Stepping ~*~*~tactically~*~*~ (hiding).
  5099 | D:5      | 5099 ||| UPGRADING to +0 kite shield.
  5109 | D:5      | 5109 ||| DROPPING +0 buckler.
  5153 | D:6      | 5153 ||| PLANNING SEWER
  5216 | D:6      | 5216 ||| FLEEEEING.
  5217 | D:6      | 5217 ||| FLEEEEING.
  5224 | D:6      | 5224 ||| STAIRDANCE
  5304 | D:5      | 5304 ||| UPGRADING to +0 plate armour.
  5314 | D:5      | 5314 ||| DROPPING +0 chain mail.
  5363 | D:6      | 5363 ||| Stepping ~*~*~tactically~*~*~ (hiding).
  5365 | D:6      | 5365 ||| Stepping ~*~*~tactically~*~*~ (hiding).
  5428 | D:6      | Reached XP level 8. HP: 48/48 MP: 8/8
  5548 | D:6      | Found a glowing drain.
  5557 | Sewer    | Entered a sewer
  5737 | Sewer    | Reached skill level 6 in Shields
  6062 | Sewer    | 6062 ||| READING 2 scrolls labelled VYV LETHRAXIU.
  6063 | Sewer    | 6063 ||| DROPPING +1 hand axe of holy wrath.
  6064 | Sewer    | 6064 ||| READING scroll of brand weapon.
  6064 | Sewer    | 6064 ||| BRANDING +0 war axe of protection.
  6065 | Sewer    | 6065 ||| READING scroll labelled RAHAKLUTYP.
  6125 | D:6      | 6125 ||| PLANNING D:1-11
  6329 | D:6      | Reached * piety under Okawaru
  6459 | D:7      | 6459 ||| INVOKING Heroism.
  6506 | D:7      | Reached skill level 1 in Invocations
  6540 | D:7      | 6540 ||| INVOKING Heroism.
  6645 | D:7      | Reached skill level 3 in Invocations
  6645 | D:7      | Reached XP level 9. HP: 54/54 MP: 11/11
  6686 | D:7      | Found an opulent altar of Gozag.
  6689 | D:7      | Noticed Joseph
  6699 | D:7      | 6699 ||| INVOKING Heroism.
  6700 | D:7      | Killed Joseph
  6811 | D:7      | Found an ornate altar of the Wu Jian Council.
  6889 | D:7      | 6889 ||| INVOKING Heroism.
  6928 | D:7      | 6928 ||| Stepping ~*~*~tactically~*~*~ (cloud).
  6930 | D:7      | 6930 ||| INVOKING Heroism.
  7033 | D:7      | Found Puest's Weapon Emporium.
  7042 | D:7      | 7042 ||| BUYING +0 broad axe (56 gold).
  7042 | D:7      | Bought a +0 broad axe for 56 gold pieces
  7042 | D:7      | 7042 ||| SWAPPING to +0 broad axe.
  7043 | D:7      | 7043 ||| DROPPING +0 spectral war axe.
  7057 | D:7      | Found a burning altar of Makhleb.
  7058 | D:7      | Found a hide-covered altar of Uskayaw.
  7059 | D:7      | Found a hazy altar of Hepliaklqana.
  7060 | D:7      | Found a blossoming altar of Fedhas.
  7144 | D:7      | 7144 ||| UPGRADING to +0 cloak.
  7149 | D:7      | 7149 ||| READING 9 scrolls of identify.
  7149 | D:7      | 7149 ||| IDENTIFYING amethyst potion
  7159 | D:8      | 7159 ||| INVOKING Heroism.
  7160 | D:8      | 7160 ||| STAIRDANCE
  7175 | D:8      | 7175 ||| STAIRDANCE
  7182 | D:8      | 7182 ||| STAIRDANCE
  7193 | D:8      | 7193 ||| STAIRDANCE
  7319 | D:8      | 7319 ||| Stepping ~*~*~tactically~*~*~ (stealth).
  7321 | D:8      | 7321 ||| INVOKING Heroism.
  7340 | D:8      | 7340 ||| INVOKING Heroism.
  7353 | D:8      | Reached ** piety under Okawaru
  7354 | D:8      | Reached skill level 6 in Fighting
  7368 | D:8      | 7368 ||| INVOKING Heroism.
  7524 | D:8      | Found a staircase to the Lair.
  7525 | D:8      | 7525 ||| Stepping ~*~*~tactically~*~*~ (hiding).
  7526 | D:8      | 7526 ||| Stepping ~*~*~tactically~*~*~ (hiding).
  7527 | D:8      | 7527 ||| INVOKING Heroism.
  7538 | D:8      | 7538 ||| Stepping ~*~*~tactically~*~*~ (hiding).
  7539 | D:8      | 7539 ||| Stepping ~*~*~tactically~*~*~ (hiding).
  7541 | D:8      | 7541 ||| Stepping ~*~*~tactically~*~*~ (hiding).
  7549 | D:8      | 7549 ||| INVOKING Heroism.
  7557 | D:8      | Noticed a hornet
  7558 | D:8      | Reached XP level 10. HP: 30/60 MP: 11/13
  7558 | D:8      | 7558 ||| Stepping ~*~*~tactically~*~*~ (stealth).
  7559 | D:8      | 7559 ||| FLEEEEING.
  7737 | D:8      | 7737 ||| INVOKING Heroism.
  7739 | D:8      | Reached skill level 9 in Axes
  7742 | D:8      | 7742 ||| Stepping ~*~*~tactically~*~*~ (stealth).
  7808 | D:8      | 7808 ||| Stepping ~*~*~tactically~*~*~ (stealth).
  7824 | D:8      | 7824 ||| Stepping ~*~*~tactically~*~*~ (stealth).
  7951 | D:8      | Identified the +5 ring mail "Goimo" {Rampage Will- Int+4
                  | Slay-6}
  8065 | D:8      | 8065 ||| Stepping ~*~*~tactically~*~*~ (stealth).
  8161 | D:8      | 8161 ||| Stepping ~*~*~tactically~*~*~ (stealth).
  8163 | D:8      | 8163 ||| Stepping ~*~*~tactically~*~*~ (hiding).
  8168 | D:8      | 8168 ||| INVOKING Heroism.
  8335 | D:8      | Reached *** piety under Okawaru
  8340 | D:8      | Reached skill level 3 in Throwing
  8404 | D:8      | 8404 ||| Stepping ~*~*~tactically~*~*~ (stealth).
  8406 | D:8      | 8406 ||| FLEEEEING.
  8407 | D:8      | 8407 ||| FLEEEEING.
  8408 | D:8      | 8408 ||| FLEEEEING.
  8410 | D:8      | 8410 ||| FLEEEEING.
  8411 | D:8      | 8411 ||| FLEEEEING.
  8412 | D:8      | 8412 ||| FLEEEEING.
  8413 | D:8      | 8413 ||| FLEEEEING.
  8414 | D:8      | 8414 ||| FLEEEEING.
  8415 | D:8      | 8415 ||| FLEEEEING.
  8416 | D:8      | 8416 ||| FLEEEEING.
  8417 | D:8      | 8417 ||| FLEEEEING.
  8418 | D:8      | 8418 ||| FLEEEEING.
  8419 | D:8      | 8419 ||| FLEEEEING.
  8427 | D:8      | 8427 ||| INVOKING Heroism.
  8441 | D:8      | Reached skill level 6 in Armour
  8518 | D:8      | 8518 ||| Stepping ~*~*~tactically~*~*~ (stealth).
  8715 | D:8      | 8715 ||| Stepping ~*~*~tactically~*~*~ (stealth).
  8722 | D:8      | Found the +7 Singing Sword {vorpal, sonic wave}
  8735 | D:8      | 8735 ||| Stepping ~*~*~tactically~*~*~ (stealth).
  8736 | D:8      | 8736 ||| Stepping ~*~*~tactically~*~*~ (stealth).
  8770 | D:8      | 8770 ||| PLANNING LAIR
  8770 | D:8      | 8770 ||| DROPPING +1 helmet.
  8808 | D:8      | 8808 ||| Stepping ~*~*~tactically~*~*~ (stealth).
  8824 | Lair:1   | Entered Level 1 of the Lair of Beasts
  8978 | Lair:1   | 8978 ||| INVOKING Heroism.
  9026 | Lair:1   | Noticed a cane toad
  9027 | Lair:1   | 9027 ||| INVOKING Heroism.
  9038 | Lair:1   | Killed a cane toad
  9181 | Lair:1   | Noticed a black mamba
  9182 | Lair:1   | 9182 ||| INVOKING Heroism.
  9192 | Lair:1   | Killed a black mamba
  9193 | Lair:1   | Reached skill level 9 in Shields
  9270 | Lair:1   | 9270 ||| Stepping ~*~*~tactically~*~*~ (stealth).
  9291 | Lair:1   | Reached **** piety under Okawaru
  9387 | Lair:1   | 9387 ||| INVOKING Heroism.
  9397 | Lair:1   | Received a gift from Okawaru
  9623 | Lair:1   | Identified the +5 long sword of Vecynoaps {vorpal, rF-
                  | rN+++ Int+5}
  9914 | Lair:1   | 9914 ||| READING 8 scrolls of identify.
  9914 | Lair:1   | 9914 ||| IDENTIFYING red potion
  9990 | Lair:2   | Noticed a four-headed hydra
  9991 | Lair:2   | 9991 ||| INVOKING Heroism.
  9991 | Lair:2   | Noticed a black mamba
  9993 | Lair:2   | 9993 ||| SWAPPING to +0 morningstar.
 10005 | Lair:2   | HP: 12/63 [four-headed hydra (4)]
 10006 | Lair:2   | 10006 ||| READING 3 scrolls of teleportation.
 10006 | Lair:2   | HP: 2/63 [four-headed hydra (5)]
 10007 | Lair:2   | 10007 ||| DRINKING potion of heal wounds.
 10009 | Lair:2   | 10009 ||| FLEEEEING.
 10010 | Lair:2   | 10010 ||| FLEEEEING.
 10011 | Lair:2   | 10011 ||| SWAPPING to +0 broad axe.
 10015 | Lair:2   | 10015 ||| SWAPPING to +0 morningstar.
 10019 | Lair:2   | 10019 ||| Stepping ~*~*~tactically~*~*~ (outnumbered).
 10020 | Lair:2   | 10020 ||| Stepping ~*~*~tactically~*~*~ (outnumbered).
 10021 | Lair:2   | 10021 ||| Stepping ~*~*~tactically~*~*~ (outnumbered).
 10022 | Lair:2   | 10022 ||| Stepping ~*~*~tactically~*~*~ (outnumbered).
 10023 | Lair:2   | 10023 ||| SWAPPING to +0 broad axe.
 10024 | Lair:2   | 10024 ||| INVOKING Heroism.
 10025 | Lair:2   | 10025 ||| SWAPPING to +0 morningstar.
 10026 | Lair:2   | HP: 5/63 [komodo dragon (14)]
 10027 | Lair:2   | 10027 ||| READING 2 scrolls of teleportation.
 10027 | Lair:2   | Noticed an eight-headed hydra
 10028 | Lair:2   | 10028 ||| Stepping ~*~*~tactically~*~*~ (outnumbered).
 10029 | Lair:2   | 10029 ||| Stepping ~*~*~tactically~*~*~ (outnumbered).
 10029 | Lair:2   | Mangled by a black mamba

Levels and vault maps discovered:
D:1:      dpeg_arrival_simpleton_c, layout_basic, serial_shops,
          nicolae_shop_statue_plus
D:2:      layout_loops_ring, basic_altar, shapermc_ecumenical_altar_venn,
          uniq_robin
D:3:      layout_rooms, nicolae_elyvilon_peaceful_grove, tso_altar,
          mainiacjoe_overflow_small_starburst, serial_shops, shop_scrolls,
          minivault_23
D:4:      layout_loops_ring, serial_shops, nicolae_shop_stone
D:5:      layout_loops_corners, mainiacjoe_overflow_alcove_1,
          amcnicky_altar_gilded, kiku_gazebo_garden_becter,
          minmay_temple_entry_grid, ebering_ghost_inner_flame
D:6:      layout_cave_pools, gup_sewer_entry_bowl, st_stairs_6
D:7:      layout_rooms, mainiacjoe_overflow_big_doors,
          mainiacjoe_overflow_alcove_3, serial_shops, nicolae_shop_crystal,
          uniq_joseph
D:8:      old_forge, layout_loops_ring, erik_lair_orcish_takeover
Temple:   hellmonk_temple_divided_pantheon
Lair:1:   layout_cave_pods, serial_bayou_shore_a
Lair:2:   layout_gridlike, minmay_shoals_entry_centaurs,
          minmay_snake_entry_guardpost_large, serial_forest,
          infiniplex_forest_lined_2, infiniplex_forest_straight_1,
          infiniplex_forest_straight_2, infiniplex_forest_straight_3,
          infiniplex_forest_lined_1, infiniplex_forest_pool,
          infiniplex_forest_straight_4, infiniplex_forest_split,
          nicolae_quartered_pool_little

Skill      XL: |  1  2  3  4  5  6  7  8  9 10 |
---------------+-------------------------------+-----
Axes           | 2 3 4 5 6 7 8 9 |  9.7
Throwing       | 1 2 3 |  3.0
Fighting       | 4 5 6 7 |  7.2
Dodging        | 1 |  1.3
Shields        | 5 6 8 9 |  9.1
Armour         | 4 5 6 |  6.0
Invocations    | 3 4 5 |  5.4

Action                   |  1- 3 |  4- 6 |  7- 9 | 10-12 || total
-------------------------+-------+-------+-------+-------++-------
Melee: War axe           |    67 |   169 |   190 |       ||   426
       Broad axe         |       |       |   106 |   155 ||   261
       Morningstar       |       |       |       |    15 ||    15
Throw: Javelin           |    18 |    47 |    37 |    14 ||   116
       Boomerang         |       |       |     8 |    12 ||    20
Invok: Heroism           |       |       |    11 |     9 ||    20
  Use: Scroll            |     3 |    10 |     5 |     3 ||    21
       Potion            |       |     2 |       |     1 ||     3
Armor: Scale mail        |    45 |    77 |       |       ||   122
       Chain mail        |       |    26 |    14 |       ||    40
       Plate armour      |       |       |   216 |   128 ||   344
Dodge: Dodged            |    39 |    69 |    95 |    51 ||   254
Block: Buckler           |    20 |    23 |     5 |       ||    48
       Kite shield       |       |       |   168 |   102 ||   270

Table legend:
 A = Non-vault XP
 B = Vault XP
 C = Vault XP percentage of total XP
 D = Non-vault monster count
 E = Vault monster count
 F = Vault count percentage of total count
                 A         B        C        D         E       F
            +---------+---------+-------+---------+---------+-------
      Total |    7630 |    1520 |  16.6 |     162 |      69 |  29.9
            +---------+---------+-------+---------+---------+-------
        D:1 |      32 |       0 |   0.0 |      16 |       0 |   0.0
        D:2 |      34 |      35 |  50.7 |      10 |      12 |  54.5
        D:3 |      90 |       0 |   0.0 |      15 |       0 |   0.0
        D:4 |     212 |       0 |   0.0 |      22 |       0 |   0.0
        D:5 |     493 |       0 |   0.0 |      22 |       0 |   0.0
        D:6 |     602 |      75 |  11.1 |      10 |       6 |  37.5
        D:7 |    1278 |     439 |  25.6 |      27 |       1 |   3.6
        D:8 |    1929 |     802 |  29.4 |      26 |      15 |  36.6
     Lair:1 |    2960 |       0 |   0.0 |      14 |       0 |   0.0
      Sewer |       0 |     169 | 100.0 |       0 |      35 | 100.0
            +---------+---------+-------+---------+---------+-------
